AoeStats
← 鹤锦

Black Forest

509619227Analyzed
3v3 RM · 4d ago on Sep 27, 2026· 66m 39s· 6 players
Game mode
Random Map
Map size
Normal (6 player)
Population
200
Speed
Normal
Resources
Standard
Victory
Conquest
Starting age
Dark Age
Ending age
Imperial Age
RankedLock teamsTeams togetherTeam positionsShared explorationLock speedFull tech treeHidden civsTurbo modeCheats
Victory
Defeat
🇲🇽 Mongols · Mexico
892
+14
🇨🇳 Spanish · China
796
+18
🇨🇳 Celts · China
787
+19
🇨🇳 Bohemians · China
852
-17
🇨🇳 Romans · China
850
-17
🇺🇸 Huns · United States
836
-17
Rvchyv
5:43 Loom
14:16 Feudal Age
15:28 Double-Bit Axe
18:40 Wheelbarrow
20:57 Castle Age
23:26 Bow Saw
31:54 Hand Cart
33:50 Caravan
37:22 Imperial Age
36:27 Squires
36:13 Arson
35:49 Pikeman
35:51 Light Cavalry
36:33 Husbandry
36:44 Bloodlines
37:00 Thumb Ring
38:03 Masonry
38:14 Ballistics
37:51 Murder Holes
39:17 Two-Man Saw
39:08 Elite Skirmisher
39:49 Horse Collar
41:38 Chemistry
40:35 Fletching
40:47 Padded Archer Armor
42:01 Bodkin Arrow
42:21 Leather Archer Armor
42:17 Forging
42:14 Scale Barding Armor
44:06 Bracer
44:36 Hussar
45:47 Scale Mail Armor
46:24 Iron Casting
46:12 Chain Barding Armor
46:29 Halberdier
48:48 Conscription
49:49 Heavy Plow
51:16 Blast Furnace
50:33 Chain Mail Armor
50:36 Town Watch
51:15 Heavy Cavalry Archer
53:33 Plate Barding Armor
52:23 Cavalier
LUKE
11:43 Feudal Age
14:17 Double-Bit Axe
16:37 Castle Age
14:27 Horse Collar
17:39 Stone Mining
17:40 Gold Mining
19:48 Wheelbarrow
20:12 Loom
22:59 Bow Saw
23:52 Heavy Plow
25:09 Masonry
26:26 Hand Cart
26:36 Town Watch
28:00 Town Patrol
33:07 Imperial Age
31:57 Murder Holes
32:23 Ballistics
32:10 Scale Mail Armor
32:21 Forging
33:06 Gold Shaft Mining
33:30 Chain Mail Armor
33:06 Fletching
33:22 Scale Barding Armor
33:23 Padded Archer Armor
33:37 Fortified Wall
33:49 Ballistas
34:23 Architecture
33:40 Man-at-Arms
34:20 Squires
34:50 Bodkin Arrow
35:10 Leather Archer Armor
35:35 Iron Casting
34:54 Long Swordsman
34:57 Pikeman
36:37 Caravan
37:03 Conscription
36:28 Heavy Scorpion
37:13 Husbandry
37:24 Bloodlines
36:35 Light Cavalry
38:31 Chemistry
38:53 Blast Furnace
38:18 Elite Skirmisher
38:37 Legionary
40:35 Comitatenses
42:02 Chain Barding Armor
42:13 Ring Archer Armor
41:20 Capped Ram
42:13 Siege Ram
42:20 Onager
43:19 Siege Engineers
43:21 Herbal Medicine
45:04 Halberdier
46:53 Plate Barding Armor
兰陵王
0:33 Loom
13:43 Feudal Age
19:09 Castle Age
17:48 Horse Collar
17:56 Double-Bit Axe
22:21 Fervor
26:52 Wheelbarrow
26:04 Town Watch
27:04 Bow Saw
27:14 Heavy Plow
28:21 Hand Cart
35:32 Imperial Age
34:32 Chemistry
33:42 Fortified Wall
33:31 Murder Holes
33:26 Pikeman
34:08 Squires
34:43 Arson
36:38 Conscription
35:42 Houfnice
37:10 Siege Engineers
36:34 Elite Hussite Wagon
38:27 Two-Man Saw
37:54 Wagenburg Tactics
38:29 Caravan
39:35 Guilds
39:30 Fletching
39:41 Scale Mail Armor
39:51 Forging
39:23 Halberdier
42:52 Bodkin Arrow
43:12 Chain Mail Armor
43:32 Iron Casting
48:44 Plate Mail Armor
54:22 Blast Furnace
53:22 Bracer
54:45 Elite Skirmisher
56:08 Town Patrol
56:54 Padded Archer Armor
Eli Correa 3950
1:18 Loom
11:38 Feudal Age
13:19 Wheelbarrow
17:59 Castle Age
16:03 Double-Bit Axe
16:47 Horse Collar
19:09 Hand Cart
22:44 Heavy Plow
26:13 Bow Saw
32:27 Imperial Age
29:51 Fletching
31:19 Bodkin Arrow
31:25 Padded Archer Armor
31:32 Caravan
31:31 Gold Mining
31:31 Stone Mining
32:35 Capped Ram
33:12 Man-at-Arms
33:53 Squires
33:43 Siege Ram
35:18 Gold Shaft Mining
35:19 Stone Shaft Mining
35:39 Drill
36:05 Long Swordsman
36:07 Elite Mangudai
37:11 Ballistics
36:53 Bracer
37:09 Leather Archer Armor
37:03 Scale Barding Armor
37:09 Forging
36:49 Two-Handed Swordsman
36:50 Pikeman
38:36 Bloodlines
38:27 Husbandry
37:58 Champion
38:45 Scale Mail Armor
42:05 Iron Casting
41:46 Chain Mail Armor
44:30 Blast Furnace
43:51 Chain Barding Armor
44:42 Onager
48:31 Siege Onager
52:12 Plate Mail Armor
我想做个好人
12:58 Feudal Age
12:05 Loom
13:34 Horse Collar
13:42 Double-Bit Axe
20:25 Castle Age
22:08 Gold Mining
22:29 Stone Mining
22:46 Heavy Plow
23:24 Bow Saw
23:52 Loom
25:24 Wheelbarrow
24:35 Town Watch
26:22 Gold Shaft Mining
27:03 Hand Cart
27:32 Stone Shaft Mining
28:30 Caravan
31:27 Coinage
33:32 Imperial Age
31:15 Forging
32:46 Iron Casting
32:12 Scale Mail Armor
33:42 Masonry
34:36 Guilds
34:56 Banking
35:08 Banking
36:35 Furor Celtica
38:04 Blast Furnace
38:49 Siege Engineers
38:50 Capped Ram
40:25 Chain Mail Armor
41:25 Onager
41:49 Siege Ram
41:57 Siege Ram
42:57 Siege Onager
43:33 Elite Woad Raider
47:41 Stronghold
鹤锦
11:58 Feudal Age
12:31 Horse Collar
15:30 Double-Bit Axe
19:07 Stone Mining
22:16 Castle Age
21:18 Gold Mining
23:25 Bow Saw
23:19 Heavy Plow
29:53 Imperial Age
30:34 Stone Shaft Mining
30:50 Wheelbarrow
32:18 Two-Man Saw
31:58 Conscription
32:58 Conscription
32:15 Elite Conquistador
33:23 Bloodlines
33:25 Husbandry
34:41 Hand Cart
35:02 Caravan
36:51 Cavalier
37:43 Scale Barding Armor
37:48 Forging
38:59 Paladin
40:47 Chain Barding Armor
41:03 Iron Casting
43:16 Plate Barding Armor
43:45 Blast Furnace
Connection lost

Rejoining the realm…

Still unreachable

The connection could not be restored.

Session expired

The server has moved on; the page needs a fresh start.